 Dungeon Crawl Stone Soup version 0.31-a0-675-g238779eb0a (webtiles) character file.

Game seed: 7242638435023651500

6627 Gargoyl the Cleaver (level 11, -2/67 HPs)
             Began as a Gargoyle Berserker on Sept 5, 2023.
             Was an Elder of Trog.
             Slain by an 11-headed hydra (12 damage)
             ... on level 9 of the Dungeon.
             The game lasted 00:10:54 (7591 turns).

Gargoyl the Cleaver (Gargoyle Berserker)            Turns: 7591, Time: 00:10:55

Health: -2/67      AC: 16    Str: 23    XL:     11   Next: 2%
Magic:  3/3        EV: 13    Int: 12    God:    Trog [****..]
Gold:   602        SH:  5    Dex: 13    Spells: 10/10 levels left

rFire   x . .        t - +7 mace of Pandemonium {antimagic, rF- Str+2 Int+4 Stlth+}
rCold   . . .        (no shield)
rNeg    + . .        p - +2 ring mail {rPois}
rPois   ∞            (no helmet)
rElec   +            (no cloak)
rCorr   .            (no gloves)
SInv    .            (no boots)
Will    ++...        k - amulet of reflection
Stlth   ++           (no ring)
HPRegen 1.31/turn    (no ring)
MPRegen 0.08/turn

%: reflection
@: strong-willed, regenerating
A: sickness immunity, AC +8, negative energy resistance 1, electricity
resistance, torment resistance 1, petrification resistance
a: Renounce Religion, Berserk, Trog's Hand, Brothers in Arms


You were on level 9 of the Dungeon.
You worshipped Trog.
Trog was greatly pleased with you.
You visited 1 branch of the dungeon, and saw 9 of its levels.

You collected 602 gold pieces.

Inventory:

Hand Weapons
 a - a +0 hand axe
 h - a +2 battleaxe of venom
 t - the +7 mace of Pandemonium (weapon) {antimagic, rF- Str+2 Int+4 Stlth+}
   (You found it on level 5 of the Dungeon)

   Str+2:     It affects your strength (+2).
   Int+4:     It affects your intelligence (+4).
   rF-:       It makes you vulnerable to fire.
   Stlth+:    It makes you more stealthy.
Missiles
 o - 16 poisoned darts (quivered)
 x - a throwing net
Armour
 p - a +2 ring mail of poison resistance (worn)
Jewellery
 k - an amulet of reflection (around neck)
 w - a +5 ring of evasion
Wands
 s - a wand of flame (18)
 y - a wand of digging (5)
Scrolls
 d - 2 scrolls of poison
 g - a scroll of torment
 l - a scroll of silence
 z - a scroll of vulnerability
Potions
 b - 3 potions of curing
 e - 2 potions of haste
 f - a potion of lignification
 j - a potion of heal wounds
 m - 2 potions of berserk rage
 n - a potion of enlightenment
 q - 2 potions of might
 r - a potion of brilliance {unknown}
 u - a potion of degeneration {unknown}
 v - a potion of resistance


   Skills:
 + Level 7.6 Fighting
 + Level 11.4 Axes
 + Level 0.2 Throwing
 + Level 6.2 Armour
 + Level 5.1 Dodging
 + Level 2.0 Stealth
 + Level 4.2 Shields


You had 10 spell levels left.
You didn't know any spells.
Your spell library was empty.

Dungeon Overview and Level Annotations

Branches:
Dungeon (9/15)             Temple (0/1) D:5            Lair (0/5) D:9
    Orc (0/2) D:9

Altars:
Dithmenos
Elyvilon
Hepliaklqana
Kikubaaqudgha
Makhleb
Okawaru
Qazlal
Ru
Sif Muna
Trog
Uskayaw
Vehumet
Wu Jian
The Shining One

Shops:
D:2 =   D:3 (   D:4 =   D:7 :

Annotations:
D:4 2 transporters, blacky4's ghost, amateur DsHu
D:9 SkaryMonk's ghost, novice NaSh


Innate Abilities, Weirdness & Mutations

You are immune to sickness and miasma.
Your stone body is resilient. (AC +8)
You are immune to poison.
You resist negative energy. (rN+)
You are resistant to electric shocks. (rElec)
You are resistant to unholy torment.
You are immune to petrification.


Message History

You feel strong-willed.
Your +2 battleaxe of venom stops dripping with poison.
You feel stronger.
You feel clever.
You feel magic leave you.
t - the +7 mace of Pandemonium (weapon)
{antimagic, rF- Str+2 Int+4 Stlth+}
Okay, then.
As you open the gate, it creaks loudly!
You thump the 11-headed hydra!
The 11-headed hydra is lightly wounded.
The 11-headed hydra bites you but does no damage.
The 11-headed hydra closely misses you. The 11-headed hydra bites you! x2
The 11-headed hydra bites you. The 11-headed hydra bites you!
The 11-headed hydra barely misses you.
The 11-headed hydra bites you but does no damage. x4
The 11-headed hydra barely misses you. You block the 11-headed hydra's attack.
The 11-headed hydra closely misses you. The 11-headed hydra barely misses you.
You block the 11-headed hydra's attack. The 11-headed hydra closely misses you.
The 11-headed hydra bites you. The 11-headed hydra barely misses you.
The 11-headed hydra misses you. x2; You block the 11-headed hydra's attack.
You sock the 11-headed hydra!
The 11-headed hydra is moderately wounded.
SkaryMonk's ghost whispers, "There is no future for you."
You block the 11-headed hydra's attack.
The 11-headed hydra bites you but does no damage.
The 11-headed hydra completely misses you.
The 11-headed hydra bites you!
The 11-headed hydra bites you but does no damage.
The 11-headed hydra bites you!
* * * LOW HITPOINT WARNING * * *
The 11-headed hydra closely misses you. You block the 11-headed hydra's attack.
The 11-headed hydra closely misses you. You block the 11-headed hydra's attack.
The 11-headed hydra bites you but does no damage.
You feel much better.
The 11-headed hydra bites you but does no damage.
The 11-headed hydra bites you!
* * * LOW HITPOINT WARNING * * *
The 11-headed hydra bites you!
* * * LOW HITPOINT WARNING * * *
The 11-headed hydra bites you!
You die...

#......####### ######
#......#.....#
############....###......#.....#
...........#.[...........#.....##
#######.##......###..............
#....##...................##
##.##.#####.###............#
#####..##.###....#######.#.#..##
..#...###.......@# #......#
#.....##..#....#D#######.....##
###.#....####..#W.............###
##......#####..#........#..#.....
...##......##....##'''##.........
########........##.....###....#..
############...##.......##....)..
................#♣..)..♣#........
###########.....#♣...?.♣##.....#.


You could see a 11-headed hydra and SkaryMonk's ghost.

Vanquished Creatures
  A death yak (D:9)
  Pikel (D:6)
  A komodo dragon (D:8)
  A shadow (D:9)
  2 wraiths (D:9)
  6 yaks (D:8)
  A steam dragon (D:8)
  Menkaure (D:4)
  A two-headed ogre zombie (D:9)
  2 orc warriors
  3 ice beasts
  2 sky beasts
  3 black bears
  A centaur (D:9)
  4 phantoms
  A kobold brigand (D:9)
  A bullfrog (D:6)
  2 scorpions
  4 wights (D:9)
  6 killer bees (D:7)
  A howler monkey (D:4)
  A jelly (D:5)
  6 orc priests
  5 hounds
  2 sleepcaps (D:7)
  3 iguanas
  Natasha (thrice) (D:2)
  9 orc wizards
  6 ogre zombies (D:9)
  4 gnolls (D:7)
  9 adders
  A shadow imp (D:6)
  3 white imps
  An ufetubus (D:7)
  A worm (D:2)
  4 dart slugs
  34 orcs
  10 ball pythons
  6 endoplasms
  3 giant cockroaches
  5 goblins
  2 hobgoblins (D:4)
  6 jackals
  5 kobolds
  3 quokkas
  12 bats
  2 frilled lizards (D:3)
  5 goblin zombies (D:9)
  A hobgoblin zombie (D:9)
  2 orc skeletons (D:9)
  17 orc zombies (D:9)
  6 rats
222 creatures vanquished.

Vanquished Creatures (collateral kills)
  A vampire (D:9)
  A wyvern (D:9)
  A black bear (D:9)
  An ogre zombie (D:9)
  4 orcs (D:9)
8 creatures vanquished.

Grand Total: 230 creatures vanquished

Notes
Turn   | Place    | Note
-------+----------+-------------------------------------------
     0 | D:1      | Gargoyl the Gargoyle Berserker began the quest for the Orb.
     0 | D:1      | Reached XP level 1. HP: 14/14 MP: 1/1
   171 | D:1      | Reached XP level 2. HP: 19/19 MP: 2/2
   343 | D:1      | Reached skill level 3 in Axes
   649 | D:2      | Reached XP level 3. HP: 23/24 MP: 3/3
   664 | D:2      | Reached ** piety under Trog
   834 | D:2      | Found Hilol's Jewellery Shoppe.
   938 | D:2      | Reached XP level 4. HP: 29/29 MP: 4/4
  1149 | D:2      | Noticed Natasha
  1172 | D:2      | Killed Natasha
  1205 | D:2      | Noticed Natasha
  1212 | D:2      | Killed Natasha
  1213 | D:2      | Reached XP level 5. HP: 28/33 MP: 5/5
  1221 | D:2      | Noticed Natasha
  1229 | D:2      | Killed Natasha
  1230 | D:2      | Reached skill level 4 in Axes
  1358 | D:3      | Found Myzuke's Antique Weapon Boutique.
  1808 | D:3      | Found an ancient bone altar of Kikubaaqudgha.
  1808 | D:3      | Found a faded altar of an unknown god.
  1816 | D:3      | Found an iron altar of Okawaru.
  1818 | D:3      | Found a glowing golden altar of the Shining One.
  1820 | D:3      | Found a faded altar of an unknown god.
  1950 | D:4      | Noticed a phantom
  1970 | D:4      | Killed a phantom
  1971 | D:4      | Reached XP level 6. HP: 36/38 MP: 6/6
  2093 | D:4      | Noticed a black bear
  2101 | D:4      | Killed a black bear
  2110 | D:4      | Found a transporter.
  2196 | D:4      | You fall into a shaft and drop 3 floors!
  2257 | D:5      | Entered Level 5 of the Dungeon
  2257 | D:5      | Noticed an ice beast
  2264 | D:5      | Killed an ice beast
  2265 | D:5      | Reached skill level 5 in Axes
  2265 | D:5      | Reached skill level 1 in Shields
  2265 | D:5      | Reached XP level 7. HP: 44/44 MP: 7/7
  2482 | D:4      | Reached skill level 1 in Stealth
  2541 | D:4      | Found a transporter.
  2544 | D:4      | Noticed blacky4's ghost (amateur DsHu)
  2557 | D:4      | Reached *** piety under Trog
  2646 | D:4      | Noticed Menkaure
  2659 | D:4      | Killed Menkaure
  2824 | D:4      | Found Akufel's Jewellery Shop.
  3075 | D:5      | Reached skill level 6 in Axes
  3075 | D:5      | Reached XP level 8. HP: 46/48 MP: 8/8
  3140 | D:5      | Found a staircase to the Ecumenical Temple.
  3342 | D:5      | Identified the +7 mace of Pandemonium {antimagic, rF- Str+2
                  | Int+4 Stlth+}
  3724 | D:6      | Reached skill level 5 in Fighting
  3724 | D:6      | Reached skill level 7 in Axes
  3848 | D:6      | Identified the +2 robe of the Planets {Drain rN+ Slay+3}
  3977 | D:6      | Reached skill level 5 in Armour
  4099 | D:6      | Noticed Pikel
  4105 | D:6      | Killed Pikel
  4106 | D:6      | Reached skill level 8 in Axes
  4106 | D:6      | Reached XP level 9. HP: 50/55 MP: 9/9
  4477 | D:7      | Found Sib Vaor's Book Shop.
  4913 | D:7      | Reached skill level 9 in Axes
  5357 | D:8      | Noticed a komodo dragon
  5367 | D:8      | Killed a komodo dragon
  5490 | D:8      | HP: 2/82 [orc priest/divine providence (15)]
  5704 | D:8      | Reached **** piety under Trog
  5721 | D:8      | Reached XP level 10. HP: 60/60 MP: 10/10
  6104 | D:8      | Reached skill level 10 in Axes
  6298 | D:8      | Found a shimmering blue altar of Sif Muna.
  6298 | D:8      | Found a hazy altar of Hepliaklqana.
  6304 | D:8      | Found a stormy altar of Qazlal.
  6305 | D:8      | Found a bloodstained altar of Trog.
  6305 | D:8      | Found a shadowy altar of Dithmenos.
  6305 | D:8      | Found a burning altar of Makhleb.
  6306 | D:8      | Found an ornate altar of the Wu Jian Council.
  6307 | D:8      | Found a sacrificial altar of Ru.
  6308 | D:8      | Found a hide-covered altar of Uskayaw.
  6309 | D:8      | Found a white marble altar of Elyvilon.
  6310 | D:8      | Found a radiant altar of Vehumet.
  6763 | D:9      | Found a staircase to the Orcish Mines.
  6770 | D:9      | Reached skill level 5 in Dodging
  6957 | D:9      | Noticed a death yak
  6959 | D:9      | Found a staircase to the Lair.
  6991 | D:9      | Killed a death yak
  6992 | D:9      | Reached skill level 11 in Axes
  7273 | D:9      | Found a runed translucent gate.
  7291 | D:9      | Found a runed translucent gate.
  7291 | D:9      | Noticed SkaryMonk's ghost (novice NaSh)
  7292 | D:9      | Noticed an 11-headed hydra
  7293 | D:9      | Found a runed translucent gate.
  7426 | D:9      | Reached XP level 11. HP: 56/67 MP: 11/11
  7591 | D:9      | Slain by an 11-headed hydra

Illustrated notes

Levels and vault maps discovered:
D:1:      minmay_arrival_wavy_path, layout_basic
D:2:      layout_basic, serial_shops, shop, grunt_decor_resistance, st_stairs_2,
          uniq_natasha
D:3:      layout_loops_ring, chequers_temple_overflow_minitemple, serial_shops,
          nicolae_shop_stone
D:4:      layout_loops_ring, serial_shops, nicolae_shop_tiny_real_fake_doors,
          gammafunk_ghost_mausoleum, uniq_menkaure
D:5:      layout_gridville, minmay_temple_entry_slanted, minmay_bent
D:6:      layout_basic, uniq_pikel
D:7:      layout_loops_ring, nicolae_inconvenience_store
D:8:      layout_basic, minitemple
D:9:      layout_rooms, david_lair_generic, zombieorc2_lemuel,
          gammafunk_ghost_hydra_chop

Skill      XL: |  1  2  3  4  5  6  7  8  9 10 |
---------------+-------------------------------+-----
Axes           | 3 4 5 6 8 9 11 | 11.4
Armour         | 3 4 5 6 |  6.2
Dodging        | 2 3 4 5 |  5.1
Fighting       | 4 5 6 7 |  7.6
Shields        | 1 2 3 4 |  4.2
Stealth        | 1 2 |  2.0
Throwing       | |  0.2

Action                     |  1- 3 |  4- 6 |  7- 9 | 10-12 || total
---------------------------+-------+-------+-------+-------++-------
  Melee: Hand axe          |    97 |   200 |    45 |       ||   342
         Punch             |     2 |     1 |     1 |       ||     4
         Battleaxe         |       |       |   219 |   141 ||   360
         Mace              |       |       |       |     2 ||     2
  Throw: Dart              |       |       |       |     2 ||     2
 Invoke: Berserk           |     1 |     4 |     5 |     2 ||    12
         Trog's Hand       |       |       |     2 |     3 ||     5
         Brothers in Arms  |       |       |       |     1 ||     1
    Use: Scroll            |     6 |     1 |       |    13 ||    20
         Potion            |       |       |       |     1 ||     1
 Armour: Animal skin       |    13 |       |       |       ||    13
         Scale mail        |    85 |    66 |       |       ||   151
         Ring mail         |       |    50 |   193 |   133 ||   376
  Dodge: Dodged            |    85 |   106 |   136 |   107 ||   434
  Block: Other             |       |    29 |    62 |    37 ||   128
         Reflection        |       |       |     2 |     2 ||     4

Table legend: (Time is in decaauts)
 A = Elapsed time spent in this place.
 B = Non-inter-level travel time spent in this place.
 C = Inter-level travel time spent in this place.
 D = Time resting spent in this place.
 E = Time spent auto-exploring this place.
 F = Levels seen in this place.
 G = Mean time per level.
                   A        B        C        D        E       F      G
               +--------+--------+--------+--------+--------+-----+--------+
         Total |   7843 |   7576 |    267 |    497 |   5093 |   9 |  871.4 |
       Dungeon |   7843 |   7576 |    267 |    497 |   5093 |   9 |  871.4 |
               +--------+--------+--------+--------+--------+-----+--------+

Top non-repeatable levels by time:
     D:8: 1328 daAuts
     D:7: 1179 daAuts
     D:4: 880 daAuts
     D:2: 846 daAuts
     D:6: 832 daAuts
     D:5: 828 daAuts
     D:9: 821 daAuts
     D:3: 617 daAuts
     D:1: 507 daAuts
